[Event "*** SCC Grand Prix: Titled Tuesday Blitz"]
[Site "Chess.com"]
[Date "2020.08.11"]
[Round "10"]
[White "onnoelgersma"]
[Black "Cambek64"]
[Result "1-0"]
[WhiteElo "2428"]
[BlackElo "2307"]
[TimeControl "180+1"]
[EndTime "11:59:17 PDT"]
[Termination "onnoelgersma won on time"]

1. e4 c6 2. Nf3 d5 3. Nc3 Bg4 4. h3 Bxf3 5. Qxf3 e6 6. Be2 Nd7 7. d4 dxe4 8. Nxe4 Ngf6 9. c3 Nxe4 10. Qxe4 Nf6 11. Qf3 Qd5 12. O-O Qxf3 13. Bxf3 Bd6 14. a4 O-O-O 15. Bg5 e5 16. Bxf6 gxf6 17. d5 Kc7 18.
Be4 h5 19. Rfd1 h4 20. Kf1 Rh5 21. dxc6 bxc6 22. Bf3 Rg5 23. c4 f5 24. c5 Bxc5 25. Rxd8 Kxd8 26. Bxc6 a5 27. Bd5 Ke7 28. Rc1 Kd6 29.
Bxf7 Rg7 30. Bc4 Bd4 31. b3 e4 32. Be2 Rb7 33. Bb5 Ke5 34. Rc6 Kf4 35. Rh6 Kg5 36.
Rd6 Bc5 37. Rd5 Bb4 38. Ke2 Rc7 39. Bc4 Kf4 40. Rd8 Rc6 41. Rh8 Kg5 42. Rg8+ Kf4 43.
g3+ hxg3 44. fxg3+ Ke5 45. h4 Rd6 46. Re8+ Kf6 47.
Rf8+ Ke5 48. h5 Rd2+ 49. Kf1 Rh2 50. Rh8 Kd4 51. Kg1 Rb2 52. h6 Ke3 53. h7 Kf3 54. Rf8 Bc5+ 55. Kh1 Rb1+ 56. Kh2 Bg1+ 57. Kh3 1-0

[Event "*** SCC Grand Prix: Titled Tuesday Blitz"]
[Site "Chess.com"]
[Date "2020.08.11"]
[Round "10"]
[White "carlsen1001"]
[Black "Brave_spirit12"]
[Result "0-1"]
[WhiteElo "2411"]
[BlackElo "2534"]
[TimeControl "180+1"]
[EndTime "11:59:21 PDT"]
[Termination "Brave_spirit12 won by resignation"]

1. c4 Nf6 2. Nf3 c5 3. g3 Nc6 4. Bg2 g6 5. Nc3 Bg7 6. O-O O-O 7. d4 cxd4 8. Nxd4 d6 9. Nb3 Be6 10. Nd5 Rc8 11. Bg5 a5 12. Bxf6 exf6 13. Nd4 Nxd4 14. Qxd4 f5 15. Qd3 a4 16. Rab1 Rc5 17. b4 axb3 18.
axb3 b5 19. cxb5 Qb8 20. b6 Bxd5 21. Bxd5 Qxb6 22. e3 Rc3 23. Qd2 Rfc8 24. Bc4 Qb4 25. Qd5 Rc7 26. Rfd1 Bf8 27. Ra1 Qc5 28. Qd2 Qe5 29.
Ra8 Kg7 30. Qe2 Be7 31. Qf3 h5 32. h4 Rc2 33. Rd5 Qb2 34. Kg2 Rc5 35. Rxc5 dxc5 36. Ra7 Qe5 37. Qd1 Qb2 38. Qe1 Qe5 39. Kg1 Kh6 40.
Qd1 Qb2 41. Qf3 Qe5 42. Qf4+ Qxf4 43. exf4 Bf6 44. Rxf7 Bd4 45. Rf8 Rxf2 46. Rh8+ Kg7 47. Rg8+ Kh7 48. Kh1 Rf3 49. Kh2 Rf2+ 50. Kh3 Rd2 51. Rd8 Rc2 52. Rd7+ Kh8 53. Re7 Rc3 54.
Re8+ Kg7 55. Re2 Kf6 56. Re6+ Kf7 57. Re3+ Rxc4 58. bxc4 Bxe3 59. Kg2 Bd4 60. Kf3 Ke6 61. Ke2 Kd6 62. Kf3 Kc6 63. Ke2 Kb6 64. Kd3 Ka5 65. Ke2 Kb4 66. Kd3 Kb3 0-1

[Event "*** SCC Grand Prix: Titled Tuesday Blitz"]
[Site "Chess.com"]
[Date "2020.08.11"]
[Round "10"]
[White "Evgeny81"]
[Black "evgenyermolaev"]
[Result "1-0"]
[WhiteElo "2698"]
[BlackElo "2483"]
[TimeControl "180+1"]
[EndTime "11:59:23 PDT"]
[Termination "Evgeny81 won on time"]

1. d4 c5 2. d5 Nf6 3. Nc3 b5 4. Nxb5 Qa5+ 5. Nc3 Ne4 6. Bd2 Nxd2 7. Qxd2 g6 8. e3 Bg7 9. Nd1 Qb6 10. Nf3 O-O 11.
Be2 d6 12. O-O e6 13. e4 exd5 14. exd5 Nd7 15. c3 Nf6 16. Ne3 Ba6 17. Bxa6 Qxa6 18. Rfe1 Rab8 19. Qe2 Qb7 20. Nc4 Nxd5 21. Rad1 Nf4 22.
Qd2 Ne6 23. Qxd6 Qb5 24. b3 Bxc3 25. Rxe6 fxe6 26. Qxe6+ Kh8 27. Ng5 Bd4 28. Qh3 Qb7 29. Ne6 Bxf2+ 30. Kh1 Rf6 31. Qc3 Bd4 32. Nxd4 cxd4 33.
Qxd4 Qg7 34. Qg1 Rbf8 35. h3 Qc7 36. Qd4 Qf4 37. Qc5 Kg8 38. Rd4 Qf1+ 39. Kh2 Qf5 40. Qc7 Re6 41. Rd7 Qf4+ 42. Qxf4 Rxf4 43. Rxa7 Rf7 44.
Rxf7 Kxf7 45. Kg3 Re2 46. a4 Ke6 47. Kf3 Ra2 48. Ke4 Rxg2 49. b4 Rg3 50. b5 Rxh3 51.
a5 Rb3 52. b6 Rb4 53. Kd4 Kd7 54. Kc5 Rb1 55. a6 Kc8 56. Nd6+ Kb8 57. Kc6 Rc1+ 58. Kd7 Rd1 59. a7+ Ka8 60. Kc7 Rc1+ 61. Kd7 Rb1 62. Kc6 g5 63. Nb5 Rc1+ 64. Kd7 g4 65. Nc7+ 1-0

[Event "*** SCC Grand Prix: Titled Tuesday Blitz"]
[Site "Chess.com"]
[Date "2020.08.11"]
[Round "10"]
[White "DonPreuss"]
[Black "ExtremeLearner"]
[Result "1/2-1/2"]
[WhiteElo "2241"]
[BlackElo "2369"]
[TimeControl "180+1"]
[EndTime "11:59:24 PDT"]
[Termination "Game drawn - insufficient material"]

1. d4 Nf6 2. Nc3 d5 3. e4 Nxe4 4. Nxe4 dxe4 5. Bc4 Bf5 6. c3 e6 7. Ne2 Nd7 8. O-O Nb6 9. Bb3 Be7 10. Ng3 Bg6 11. Re1 c5 12. Nxe4 cxd4 13. cxd4 O-O 14. Nc5 Qc7 15. Be3 Rad8 16. Rc1 Qb8 17. Qf3 Nd5 18. Ne4 Bb4 19. Red1 b5 20. h4 Nxe3 21.
Qxe3 a5 22. a3 Bd6 23. Qf3 Bf4 24. Rc5 h5 25. Ng5 Bh2+ 26. Kh1 a4 27. Ba2 Bd6 28. Rcc1 Rc8 29. Rxc8 Rxc8 30. Bb1 Bxb1 31. Rxb1 Qc7 32. Qe2 Qc1+ 33. Qf1 Qxf1+ 34. Rxf1 Rc2 35. Rb1 g6 36. f3 Bf4 37. Ne4 e5 38. d5 f5 39. Nc3 Rd2 40.
Rd1 Rxd1+ 41. Nxd1 e4 42. fxe4 fxe4 43. Kg1 e3 44. Kf1 Kf7 45. Ke2 Be5 46. Nxe3 Bxb2 47. Nc2 Ke7 48. Kd3 Kd6 49. Ke4 b4 50. axb4 a3 51. b5 a2 52. Kf4 a1=Q 53. Nxa1 Bxa1 54.
Kg5 Kxd5 55. Kxg6 Be5 56. Kxh5 Bg3 57. Kg4 Bf2 58. h5 Ke6 59. Kf3 Bb6 60. g4 Kf6 61.
Kf4 Bc7+ 62. Kf3 Kg5 63. Ke4 Bb6 64. Kd5 Kxg4 65. Kc6 Be3 66. h6 Bxh6 67. b6 Bf4 68. b7 Bb8 69. Kd7 Kf5 70. Kc8 Be5 71. b8=Q Bxb8 1/2-1/2

[Event "*** SCC Grand Prix: Titled Tuesday Blitz"]
[Site "Chess.com"]
[Date "2020.08.11"]
[Round "10"]
[White "Mikasinski"]
[Black "AttackSparrow"]
[Result "0-1"]
[WhiteElo "2427"]
[BlackElo "2340"]
[TimeControl "180+1"]
[EndTime "11:59:25 PDT"]
[Termination "AttackSparrow won by resignation"]

1. e4 c5 2. Nf3 e6 3. d4 cxd4 4. Nxd4 Nc6 5. Nc3 Qc7 6. Be2 a6 7. O-O Nf6 8. Be3 Be7 9. f4 d6 10. Kh1 b5 11. Nxc6 Qxc6 12. Bf3 Bb7 13. e5 Nd5 14. Nxd5 exd5 15. c3 O-O 16. Bd4 dxe5 17. fxe5 Bc5 18. Qd2 Bxd4 19. Qxd4 Rad8 20. Rad1 Rfe8 21.
Rfe1 Qe6 22. Qf4 f6 23. Bg4 Qe7 24. e6 Qd6 25. Qd4 Re7 26. h4 Rc8 27. b3 Qg3 28. Bf3 Rce8 29. Re3 Qf2 30. Rd2 Qf1+ 31. Kh2 Rxe6 32.
Rxe6 Rxe6 33. Bxd5 Bxd5 34. Qxd5 Qf4+ 35. g3 Qe5 36.
Qa8+ Kf7 37. Rd7+ Kg6 38. Rd2 Qxc3 39. Rf2 Qe3 40. Qg2 h5 41. Rc2 Qe4 42. Rf2 Qxg2+ 43.
Kxg2 Rc6 44. Kf3 Kf5 45. Re2 Rc3+ 46. Kf2 g5 47. hxg5 fxg5 48. Kg2 g4 49. Rf2+ Kg5 50.
Rd2 Rc5 51. Kf2 Rf5+ 52. Kg2 Re5 53. Kf2 h4 54. gxh4+ Kxh4 55. Kg2 Kg5 56. Kg3 Re3+ 57. Kf2 Re4 58. Kg3 Re3+ 59. Kf2 Kf4 60. Rd4+ Re4 61. Rd6 g3+ 62. Kf1 Kf3 63. Rf6+ Rf4 64. Rxa6 Kg4+ 65. Kg1 b4 66. Rg6+ Kf3 67. Rd6 Re4 68. Rd3+ Kg4 69. Kg2 Re2+ 70. Kf1 Rxa2 71. Rd4+ Kh3 72. Rxb4 Ra1+ 73.
Ke2 g2 74. Rb7 g1=Q 75. Rh7+ Kg4 76. Rg7+ Kf5 77. Rxg1 Rxg1 0-1

[Event "*** SCC Grand Prix: Titled Tuesday Blitz"]
[Site "Chess.com"]
[Date "2020.08.11"]
[Round "10"]
[White "FlamingPhoenix123"]
[Black "MF1966Idrisov"]
[Result "1-0"]
[WhiteElo "2550"]
[BlackElo "2380"]
[TimeControl "180+1"]
[EndTime "11:59:28 PDT"]
[Termination "FlamingPhoenix123 won by checkmate"]

1. e4 e5 2. Nf3 d6 3. d4 exd4 4. Nxd4 Nf6 5. Nc3 g6 6. Bg5 Bg7 7. Be2 O-O 8. O-O Nc6 9. Nxc6 bxc6 10. e5 dxe5 11. Qxd8 Rxd8 12. Ne4 Rd6 13. Nxd6 cxd6 14. Rfd1 d5 15. c4 Be6 16. Bf3 e4 17. Be2 dxc4 18.
Rac1 Nd5 19. Rxc4 Bxb2 20. Rxc6 Kg7 21. Bc4 Nb4 22. Rc7 Be5 23. Bxe6 Bxc7 24. Rd7 Be5 25. a3 Nd3 26. Rxf7+ Kh8 27. Bd5 Rb8 28. g3 Bd4 29. Kf1 Rb1+ 30. Kg2 Rb8 31. Bxe4 Nxf2 32. Rxf2 Bxf2 33.
Bf6+ Kg8 34. Bd5+ Kf8 35. Kxf2 Rb5 36. Be4 Rb3 37. Bd4 Ke8 38. Bc5 Rc3 39. Bb4 Rc4 40.
Bd5 Rc7 41. Kf3 Kd7 42. h4 Rc1 43. Be4 Rf1+ 44. Kg4 Ke6 45. Bd3 Rg1 46. Bc4+ Kf6 47. Bc3+ Ke7 48. Bd4 Rc1 49. Bg8 h6 50. Bxa7 Rc8 51.
Bd5 Rd8 52. Bc5+ Kf6 53. Be4 h5+ 54. Kf4 Rc8 55. Bd4+ Ke6 56. Bxg6 Rc4 57. Ke4 Ra4 58. Bxh5 Rxa3 59. Bf3 Kf7 60. Bh5+ Kg8 61. Bf3 Ra4 62. Ke3 Ra3+ 63. Kf4 Ra4 64. Ke5 Ra5+ 65. Bd5+ Kh7 66. Ke4 Kh6 67. Be6 Kh5 68. Be3 Ra4+ 69. Kf3 Ra3 70. Bf7# 1-0

[Event "*** SCC Grand Prix: Titled Tuesday Blitz"]
[Site "Chess.com"]
[Date "2020.08.11"]
[Round "10"]
[White "Zhani-Z"]
[Black "Gusarov91"]
[Result "1-0"]
[WhiteElo "2494"]
[BlackElo "2646"]
[TimeControl "180+1"]
[EndTime "11:59:31 PDT"]
[Termination "Zhani-Z won by resignation"]

1. e4 c6 2. d4 Na6 3. Nf3 Nc7 4. Nc3 d5 5. h3 g6 6. Bd3 dxe4 7. Nxe4 Bg7 8. O-O Bf5 9. Re1 Bxe4 10. Bxe4 e6 11. c3 Nf6 12. Bd3 O-O 13. a4 Nfd5 14. a5 a6 15. Qb3 Qc8 16. Ne5 Re8 17. Nc4 Nb5 18. Nb6 Nxb6 19. axb6 Nd6 20. Bf4 Qd7 21.
Red1 Nf5 22. Be4 Ne7 23. Rd2 Nd5 24. Bg3 Bh6 25. Rdd1 Qd8 26. Ra3 f5 27. Bf3 Nxb6 28.
Raa1 Re7 29. Re1 Nd5 30. Re2 Qd7 31. Rae1 Rae8 32. Be5 Bg7 33. Bxg7 Kxg7 34. c4 Nf6 35. Qc3 Kf7 36. b3 Qd6 37. Re5 Rd8 38. d5 cxd5 39. cxd5 Rde8 40. dxe6+ Rxe6 41. Rxe6 Rxe6 42. Rxe6 Kxe6 43.
Bxb7 Qb6 44. Bf3 a5 45. Qc4+ Ke7 46. Qd3 Qd6 47. Qe3+ Kf8 48. g3 h5 49. h4 Nd7 50.
Kg2 Qe5 51. Be2 Qxe3 52. fxe3 Ne5 53. Kf2 Ke7 54. Ke1 Kd6 55. Kd2 Kc5 56. Kc3 Nd7 57.
Bd3 Ne5 58. Bc2 Ng4 59. e4 fxe4 60. Bxe4 Ne5 61. Bc2 Kd5 62. Bb1 Kc5 63. Be4 Kb5 64.
Kd4 Nd7 65. Bxg6 Kb4 66. Bf7 Nf6 67. Ke5 Ng4+ 68. Kf4 Nh6 69. Bxh5 Kxb3 70. g4 a4 71. g5 a3 72. gxh6 a2 73. Bf7+ Kb4 74. Bxa2 Ka3 75.
h7 Kxa2 76. h8=Q Kb3 77. Qe5 1-0

[Event "*** SCC Grand Prix: Titled Tuesday Blitz"]
[Site "Chess.com"]
[Date "2020.08.11"]
[Round "10"]
[White "Ze-Pequeno"]
[Black "Xeniya2005"]
[Result "1-0"]
[WhiteElo "2191"]
[BlackElo "2348"]
[TimeControl "180+1"]
[EndTime "11:59:31 PDT"]
[Termination "Ze-Pequeno won by resignation"]

1. e4 e6 2. d4 d5 3. Nc3 Bb4 4. e5 c5 5. a3 Bxc3+ 6. bxc3 Nc6 7. Qg4 Nge7 8. Nf3 O-O 9. h4 f5 10. exf6 Rxf6 11. Bg5 Rf7 12. Ne5 Nxe5 13. dxe5 Qa5 14. Rh3 Nf5 15. Bd2 Bd7 16. h5 Raf8 17. h6 g6 18. Bd3 Qc7 19. f4 a6 20. Qe2 Ne7 21.
c4 d4 22. g4 Bc6 23. Rg3 Rxf4 24. Bxf4 Rxf4 25. Kd2 Qa5+ 26. Kc1 b5 27. Qd2 Qxd2+ 28. Kxd2 Nc8 29. Rf1 Rxf1 30. Bxf1 Nb6 31. cxb5 axb5 32.
c3 dxc3+ 33. Kxc3 Kf7 34. Rd3 Nd5+ 35. Kd2 Ke7 36. Rb3 c4 37. Rb1 Nb6 38. Be2 Kd7 39. Rf1 Ke7 40. Kc3 Nd5+ 41. Kd4 Bd7 42. Bf3 Nb6 43. Kc5 Na4+ 44. Kb4 Nb2 45. Be2 Na4 46. Bf3 Nb6 47. Be4 Na4 48. g5 Nb6 49. Rd1 Na4 50. Rd6 Nb2 51. Rb6 Nd1 52. Rb7 Kd8 53.
Rb8+ Kc7 54. Rh8 Nf2 55. Bc2 Nh3 56. Rxh7 Nxg5 57. Rg7 Kc6 58. Be4+ Kc7 59. Bxg6 Kc6 60. Be4+ Nxe4 61. h7 c3 62. h8=Q c2 63. Rg1 Kc7 64. Qf8 Nd2 65. Rc1 Nc4 66. Rxc2 Bc6 67.
Qc5 Kb7 68. Rh2 Kc7 69. Rh7+ 1-0

[Event "*** SCC Grand Prix: Titled Tuesday Blitz"]
[Site "Chess.com"]
[Date "2020.08.11"]
[Round "10"]
[White "AJSC02"]
[Black "Juanovic"]
[Result "1/2-1/2"]
[WhiteElo "2257"]
[BlackElo "2088"]
[TimeControl "180+1"]
[EndTime "11:59:33 PDT"]
[Termination "Game drawn by repetition"]

1. e4 c5 2. Nf3 d6 3. d4 cxd4 4. Nxd4 Nf6 5. f3 g6 6. c4 Bg7 7.
Nc3 Nc6 8. Be3 O-O 9. Be2 Bd7 10. O-O Nxd4 11. Bxd4 Bc6 12. Qd2 Nd7 13. Be3 a5 14. b3 Nc5 15. Rab1 b6 16. Rfd1 f5 17. exf5 Rxf5 18. Nd5 Bxd5 19. cxd5 Be5 20. f4 Bg7 21.
Bg4 Rf8 22. Be6+ Nxe6 23. dxe6 Rc8 24. Rbc1 b5 25. Rxc8 Qxc8 26. Qxa5 Qxe6 27. Re1 Qd5 28. Qb4 Ra8 29. a4 bxa4 30. bxa4 Qc6 31. a5 Qc3 32. Qxc3 Bxc3 33. Rc1 Bxa5 34. Ra1 Kf7 35. Kf1 Ke6 36. Bb6 Rf8 37. Rxa5 Rxf4+ 38. Bf2 d5 39. Ke2 g5 40. Ra7 Kf6 41. Bc5 Re4+ 42. Kf3 h5 43. Ra6+ e6 44. Ra8 Rf4+ 45. Ke3 Re4+ 46. Kd3 Rg4 47.
Rf8+ Kg7 48. g3 h4 49. Rf3 e5 50. Rf5 hxg3 51. hxg3 Rxg3+ 52. Ke2 Rc3 53. Bd6 Rc2+ 54. Kd3 Rg2 55. Rxe5 g4 56. Rxd5 Kf6 57. Rd4 Kf5 58. Ke3 Rg1 59. Kf2 Rb1 60. Bg3 Rb3 61. Rf4+ Kg5 62. Rc4 Rb2+ 63. Kf1 Rb3 64. Kf2 Rf3+ 65.
Kg2 Rb3 66. Rc5+ Kf6 67. Rc4 Kf5 68. Rf4+ Kg5 69. Rc4 Rb2+ 70. Kf1 Kf5 71. Rd4 Ra2 72. Rf4+ Kg5 73. Rc4 Rb2 74. Rd4 Rc2 75. Rd5+ Kf6 76. Rd4 Kf5 77. Rf4+ Kg5 78. Rd4 Kf5 79. Rf4+ Kg5 80.
Rd4 Kf5 1/2-1/2

[Event "*** SCC Grand Prix: Titled Tuesday Blitz"]
[Site "Chess.com"]
[Date "2020.08.11"]
[Round "10"]
[White "Rodalquilar"]
[Black "crescentmoon2411"]
[Result "1/2-1/2"]
[WhiteElo "2638"]
[BlackElo "2751"]
[TimeControl "180+1"]
[EndTime "11:59:35 PDT"]
[Termination "Game drawn - insufficient material"]

1. d4 Nf6 2. c4 c5 3. d5 e6 4.
Nc3 exd5 5. cxd5 d6 6. e4 g6 7. f4 Bg7 8. Nf3 O-O 9. Bd3 Bg4 10. O-O Nbd7 11. h3 Bxf3 12. Qxf3 a6 13. a4 Re8 14.
Kh1 Rc8 15. Be3 Qa5 16. Rad1 c4 17. Bc2 b5 18. axb5 axb5 19. e5 dxe5 20. f5 b4 21. Ne4 Nxe4 22. Bxe4 Nf6 23. fxg6 hxg6 24. d6 Rcd8 25.
Bg5 Re6 26. d7 Qc7 27. Bd5 Rd6 28. Bxc4 Rxd1 29. Rxd1 e4 30. Qf1 Qc6 31. Bxf6 Bxf6 32. Bd5 Qb6 33. Bxe4 Kg7 34. Qd3 Bxb2 35. Qd5 Bf6 36.
Bc2 b3 37. Bxb3 Qe6 38. Qxe6 fxe6 39. Bxe6 g5 40. Bg4 Kf8 41. Rc1 Ke7 42. Rc8 Kd6 43. Kg1 Ke5 44. Kf2 Kd6 45. Ke3 Ke5 46. Kd3 Kd5 47.
Ke3 Ke5 48. g3 Kd5 49. Kf3 Be7 50. Bf5 Ke5 51. Kg4 Kf6 52. h4 gxh4 53. gxh4 Kg7 54. Kh5 Kf6 55. Bh3 Kg7 56. Kg4 Rh8 57. h5 Bd8 58.
Kf5 Rxh5+ 59. Kg4 Rh4+ 60. Kg3 Rh8 61. Bg4 Kf6 62. Kf4 Ke7 63. Rc6 Rf8+ 64. Ke4 Rf6 65. Rc8 Rd6 66. Ke5 Rg6 67. Bf5 Rg1 68. Rc6 Re1+ 69.
Kf4 Rf1+ 70. Ke4 Re1+ 71. Kd3 Re5 72. Bg4 Rg5 73. Be6 Rg6 74. Ke4 Rxe6+ 75. Rxe6+ Kxe6 76. Kd4 Kxd7 1/2-1/2

[Event "*** SCC Grand Prix: Titled Tuesday Blitz"]
[Site "Chess.com"]
[Date "2020.08.11"]
[Round "10"]
[White "realmadridtv"]
[Black "deribas12345"]
[Result "1-0"]
[WhiteElo "2480"]
[BlackElo "2591"]
[TimeControl "180+1"]
[EndTime "11:59:35 PDT"]
[Termination "realmadridtv won by resignation"]

1. e4 c5 2. Nf3 d6 3. Nc3 Nf6 4. Bc4 e5 5. Ng5 d5 6. exd5 Bd6 7.
d3 O-O 8. O-O a6 9. a4 Nbd7 10.
Nce4 Nb6 11. a5 Nbxd5 12. Qf3 Nxe4 13. Nxe4 Nf4 14. Re1 Ne6 15. Qg3 Kh8 16. Nxd6 Qxd6 17. Rxe5 Nd4 18. Bd2 f6 19. Re8 Nf3+ 20. gxf3 Qxg3+ 21. hxg3 Rxe8 22. Be3 Be6 23. Bxe6 Rxe6 24. Bxc5 Re2 25.
Rc1 h5 26. Kg2 Kh7 27. b4 g5 28. f4 g4 29. Be3 Re8 30. Kf1 R8xe3 31. fxe3 Rxe3 32.
Kf2 Rf3+ 33. Kg2 Re3 34. Rf1 Kg6 35. Rf2 Kf5 36. Rd2 Re1 37. d4 Ke6 38. d5+ Kd6 39.
c4 Rb1 40. c5+ Kd7 41. d6 Rxb4 42. Re2 Rb5 43. Re7+ Kd8 44. Rc7 Rxa5 45. Kf2 Ra2+ 46. Ke3 Ra3+ 47. Ke4 h4 48. gxh4 g3 49. Rg7 a5 50. h5 a4 51. h6 g2 52. h7 Rh3 53.
Kd5 a3 54. Ke6 Re3+ 55. Kf7 Rh3 56. Rxg2 Rxh7+ 57. Ke6 Rh3 58. Rg7 Re3+ 59. Kd5 a2 60. Rxb7 Rd3+ 61. Kc6 Ke8 62. Rb8+ Kf7 63. Ra8 Rd2 64.
Ra7+ Ke6 65. f5+ Kxf5 66. d7 Ke6 67. Rxa2 Rxd7 68. Re2+ Kf7 69. Kxd7 f5 1-0

[Event "*** SCC Grand Prix: Titled Tuesday Blitz"]
[Site "Chess.com"]
[Date "2020.08.11"]
[Round "10"]
[White "kngopal"]
[Black "Zarikovs1999"]
[Result "1-0"]
[WhiteElo "2212"]
[BlackElo "2358"]
[TimeControl "180+1"]
[EndTime "11:59:35 PDT"]
[Termination "kngopal won by checkmate"]

1. b3 Nf6 2. Bb2 g6 3. g4 Bg7 4. g5 Nh5 5. Bxg7 Nxg7 6. Qc1 e5 7. h4 h6 8. Qb2 hxg5 9. Qxe5+ Kf8 10. Nf3 g4 11.
Qg5 Qxg5 12. Nxg5 d5 13. Bg2 f6 14. Nc3 fxg5 15. Nxd5 Na6 16. hxg5 Rxh1+ 17. Bxh1 Ne6 18. O-O-O Nxg5 19. Rg1 Kf7 20. Ne3 Be6 21. Bxb7 Nh3 22.
Rg2 Rh8 23. Bxa6 Nf4 24. Rg1 Rh2 25. Nxg4 Bxg4 26. Rxg4 Rxf2 27. e3 Nh5 28. Bd3 Rf6 29. Rc4 g5 30. Rc5 Ke6 31. Rxg5 Rh6 32. c4 Nf6 33.
Bf5+ Kd6 34. Rg6 Rxg6 35. Bxg6 Ng4 36. Bc2 c5 37. d4 Nxe3 38. dxc5+ Kxc5 39. Kd2 Nf1+ 40. Kc3 Ne3 41. b4+ Kb6 42. Be4 Ng4 43. Kd4 Nf6 44.
c5+ Kb5 45. a3 Ne8 46. c6 Nc7 47. Bf3 Kb6 48. Kc4 Nb5 49. a4 Nd6+ 50. Kb3 Kc7 51.
b5 Nc8 52. Kb4 Ne7 53. a5 Nc8 54. Kc5 Kb8 55. b6 axb6+ 56. axb6 Nxb6 57. Kxb6 Kc8 58. c7 Kd7 59. Kb7 Ke7 60. c8=Q Kf6 61. Qc6+ Ke5 62. Qe4+ Kd6 63. Kb6 Kd7 64. Qg6 Kc8 65. Kc5 Kd8 66. Qg7 Kc8 67. Kd6 Kd8 68. Qc7+ Ke8 69. Qe7# 1-0

[Event "*** SCC Grand Prix: Titled Tuesday Blitz"]
[Site "Chess.com"]
[Date "2020.08.11"]
[Round "10"]
[White "MFBerna"]
[Black "TregubovP"]
[Result "0-1"]
[WhiteElo "2418"]
[BlackElo "2599"]
[TimeControl "180+1"]
[EndTime "11:59:36 PDT"]
[Termination "TregubovP won by resignation"]

1. e4 e6 2. d4 d5 3. Nd2 c5 4. exd5 exd5 5. Ngf3 Nc6 6. Bb5 Qe7+ 7. Qe2 Qxe2+ 8. Kxe2 a6 9. Bxc6+ bxc6 10. Re1 f6 11. Kf1+ Kf7 12. dxc5 Bxc5 13. Nb3 Bd6 14. Be3 Bg4 15.
Nfd2 a5 16. a4 Bf5 17. c3 Ne7 18. Bc5 Bxc5 19. Nxc5 Rhb8 20. Ra2 Nc8 21. Nf3 Nd6 22. Nd4 Rb6 23. f3 Bc8 24. b3 Nb7 25. Nd3 c5 26. Nb5 c4 27. bxc4 dxc4 28. Nf4 Nc5 29. Nd5 Re6 30. Rd1 Rb8 31. Ndc7 Re5 32. f4 Re3 33. Rd8 Rd3 34. Nd6+ Ke7 35. Rxc8 Rxc8 36. Nxc8+ Kd7 37. Nb6+ Kxc7 38. Nxc4 Rxc3 39. Nxa5 Rc1+ 40. Ke2 Kb6 41. Nb3 Nxb3 42. Rb2 Rc3 43. Ra2 Ka5 44. Rb2 Kb4 45.
a5 Kxa5 46. Ra2+ Kb6 47. Ra8 Nd4+ 48. Kf2 Rc2+ 49. Ke3 Nf5+ 50. Ke4 g6 51. g4 Nd6+ 52. Kd5 Rd2+ 53. Ke6 Ne4 54. h4 Rh2 55. h5 gxh5 56. gxh5 Rxh5 57. Rb8+ Kc7 58. Rb4 f5 59. Ke5 Kd7 60. Rb7+ Kc6 61. Rf7 Kc5 62. Rxf5 Rxf5+ 63. Kxf5 Ng3+ 64. Kg4 Ne4 65. Kf5 Kd5 66. Kg4 Ke6 67.
Kh5 Kf7 68. Kh6 Nf6 69. f5 Kf8 70. Kg5 Kg7 71. Kf4 h6 72. Ke5 Kf7 73. Kf4 Nh7 74. Ke5 Ng5 75. Kf4 Kf6 76. Kg4 Nf7 77. Kf4 Ne5 78.
Ke4 h5 79. Kf4 h4 0-1

[Event "*** SCC Grand Prix: Titled Tuesday Blitz"]
[Site "Chess.com"]
[Date "2020.08.11"]
[Round "10"]
[White "praveenb2002"]
[Black "Jovidon91"]
[Result "0-1"]
[WhiteElo "2703"]
[BlackElo "2450"]
[TimeControl "180+1"]
[EndTime "11:59:37 PDT"]
[Termination "Jovidon91 won by resignation"]

1. d4 Nf6 2. c4 e6 3. Nc3 Bb4 4.
Qc2 O-O 5. a3 Bxc3+ 6. Qxc3 b6 7. Bg5 Bb7 8. f3 h6 9. Bh4 d5 10. e3 Nbd7 11. cxd5 exd5 12. Bd3 c5 13. Ne2 Qe7 14. Bf2 Rac8 15. O-O a5 16. Qd2 Ra8 17. Rfe1 Ba6 18. Bc2 Bxe2 19. Rxe2 Rfe8 20. Rae1 Qd6 21. dxc5 bxc5 22. e4 d4 23. f4 Ng4 24. e5 Qa6 25.
Bg3 Ne3 26. Rxe3 dxe3 27. Qxd7 Rad8 28. Qf5 g6 29. Qe4 Rd2 30. Rxe3 Red8 31. h3 c4 32. Re2 c3 33. Rxd2 cxd2 34. Bd1 Qb6+ 35. Bf2 Qxb2 36.
e6 Qa1 37. exf7+ Kxf7 38. Qf3 Qf6 39. Kh2 Kg7 40. Be3 Qd6 41. Qe4 Rd7 42. Qc4 Qd3 43. Qe6 Qd6 44. Qe8 Qd3 45. Bc5 Qf5 46. Qe5+ Qxe5 47.
fxe5 Rc7 48. Be3 Rc1 49. Bxd2 Rxd1 50. Bxa5 Rd3 51. Bb4 Kf7 52. Bd6 Ke6 53. Kg1 Rd2 54. Kf1 Ra2 55. Kg1 g5 56. Kh2 h5 57. Kg3 Kf5 58.
Kf3 h4 59. g4+ Ke6 60. Ke4 Rh2 61. a4 Rxh3 62. a5 Ra3 63. Bc7 h3 64. Bd6 h2 65.
Bxa3 h1=Q+ 66. Kd4 Qd5+ 67. Kc3 Qxa5+ 68. Bb4 Qd5 69. Bd6 Qe4 70. Kb3 Qxg4 71. Kc3 Qf5 72. Kd2 g4 73. Bc5 g3 74. Be3 g2 75. Ke2 Qf1+ 76.
Kd2 g1=Q 77. Bxg1 Qxg1 0-1

[Event "*** SCC Grand Prix: Titled Tuesday Blitz"]
[Site "Chess.com"]
[Date "2020.08.11"]
[Round "10"]
[White "Gerodot71"]
[Black "VladaSviridova"]
[Result "1/2-1/2"]
[WhiteElo "2398"]
[BlackElo "2249"]
[TimeControl "180+1"]
[EndTime "11:59:37 PDT"]
[Termination "Game drawn by stalemate"]

1. d4 d5 2. c4 c6 3. Nf3 Nf6 4. Nc3 dxc4 5. a4 Bf5 6. Ne5 Nbd7 7. Nxc4 Qc7 8. g3 e5 9. dxe5 Nxe5 10. Bf4 Nfd7 11. Bg2 f6 12. O-O Be6 13. Nxe5 Nxe5 14. Qc2 Qa5 15. Rad1 Be7 16. Bd2 Bb4 17. Ne4 O-O 18.
Bxb4 Qxb4 19. Nc5 Bc4 20. Nd3 Nxd3 21. exd3 Bb3 22. Qd2 Qxd2 23. Rxd2 Bxa4 24. Ra1 Bb5 25. d4 a6 26. d5 Rad8 27. Rad1 Ba4 28. Re1 cxd5 29. Rxd5 Bc6 30. Rxd8 Rxd8 31. Bxc6 bxc6 32. Re6 Rc8 33. Re4 Rb8 34. Ra4 Rxb2 35. Rxa6 Rc2 36. Ra7 h5 37. h4 Kh7 38. Rc7 c5 39. Kg2 c4 40. Kf3 Kg6 41. Ke3 f5 42. f3 Kf6 43.
Kf4 g6 44. Rc6+ Kf7 45. Kg5 Rg2 46. Rc7+ Ke6 47. Kxg6 Rxg3+ 48. Kxh5 Rxf3 49. Rxc4 Rg3 50. Kh6 Rg4 51. Rc1 Rxh4+ 52. Kg5 Rg4+ 53. Kh5 Rg2 54. Re1+ Kf6 55. Rf1 Rg8 56. Kh4 Ke5 57. Re1+ Kf4 58. Rf1+ Ke4 59. Re1+ Kf3 60. Rf1+ Ke4 61. Re1+ Kf4 62.
Rf1+ Ke5 63. Re1+ Kf6 64. Rf1 Rg7 65. Kh3 Rg6 66. Kh4 Rg8 67. Kh3 Ke5 68. Re1+ Kd4 69. Rf1 Ke4 70. Re1+ Kf3 71. Rf1+ Ke4 72. Re1+ Kf4 73.
Rf1+ Ke5 74. Re1+ Kf6 75. Rf1 Rg7 76. Kh4 Rg4+ 77. Kh3 Kg5 78. Kh2 f4 79. Rg1 Kh4 80.
Rxg4+ Kxg4 81. Kg2 f3+ 82. Kf2 Kf4 83. Kf1 Kg3 84. Kg1 Kg4 85. Kf2 Kf4 86. Kf1 Ke3 87. Ke1 f2+ 88. Kf1 Kf3 1/2-1/2

[Event "*** SCC Grand Prix: Titled Tuesday Blitz"]
[Site "Chess.com"]
[Date "2020.08.11"]
[Round "10"]
[White "ChessAurochs"]
[Black "Supernotar"]
[Result "0-1"]
[WhiteElo "2588"]
[BlackElo "2712"]
[TimeControl "180+1"]
[EndTime "11:59:42 PDT"]
[Termination "Supernotar won on time"]

1. e4 c6 2. d4 d5 3. e5 Bf5 4.
Nf3 e6 5. Be2 Nd7 6. O-O h6 7.
c3 Ne7 8. Nbd2 Bg6 9. a4 Nf5 10.
a5 Be7 11. g4 Nh4 12. Nxh4 Bxh4 13. f4 f5 14. Bd3 O-O 15. Nf3 Be7 16. b4 Qe8 17. h3 a6 18. Be3 Kh8 19. Kh2 Qf7 20.
Rg1 Rg8 21. Qc2 Raf8 22. g5 Bh5 23. Qf2 Bxf3 24. Qxf3 hxg5 25. fxg5 g6 26. Bf4 Kg7 27. h4 Rh8 28. Kg3 Rh7 29. Rh1 Rfh8 30. Rh3 Rh5 31.
Rah1 Kf8 32. Qe3 R5h7 33. Be2 Ke8 34. Bf3 Kd8 35. Qe2 Nf8 36. c4 dxc4 37. Qxc4 Kc8 38.
Bxc6 bxc6 39. Qxc6+ Kb8 40. Qb6+ Ka8 41. Qxa6+ Kb8 42.
Qb6+ Ka8 43. Rc1 Nd7 44. Qc6+ Kb8 45. Qxd7 Bxb4 46. Qc6 Qb7 47. Qxe6 Rc7 48. Rxc7 Qxc7 49. Qb6+ Qxb6 50. axb6 Kb7 51. e6 Kxb6 52. Be5 Re8 53. d5 Kc5 54. d6 Rxe6 55. Kf4 Bd2+ 56. Kf3 Rxe5 57. d7 Rd5 58. h5 gxh5 59. g6 Rxd7 60.
Rxh5 Kd6 61. Rxf5 Ke6 62. Rf7 Rd8 63. Ke4 Rg8 64. Ra7 Bb4 65. g7 Be7 66. Ra6+ Kf7 67.
Kf5 Rxg7 68. Rh6 Rg5+ 69. Ke4 Ra5 70. Kd3 Bf6 71. Rh7+ Ke6 72. Rb7 Be5 73. Rb6+ Kd5 74. Rh6 Ra3+ 75. Kc2 Bd4 76. Rh7 Rf3 77. Rd7+ Kc4 78.
Rc7+ Bc5 79. Rc8 Rf2+ 80. Kd1 Kd3 0-1